Map: Corrosion EC

Players

Maximus - Winner!

  • Race: Protoss Protoss
  • League: Diamond
  • Spawn Location: 5:00

HoldTheDoor

  • Race: Protoss Protoss
  • League: Diamond
  • Spawn Location: 11:00

VOD

Have the link to the VOD?

Description

Time

  • Played on: July 12, 2018, 10:39 a.m.
  • Length: 20:08
Show
View Real Time Build Order
Export as new Build Order

Maximus Protoss - Winner!

Build Orders:  

Get SALT Encoding   

  1  0:00  Probe  
  12  0:05  Probe  
  14  0:15  Probe  
  15  0:22  Pylon  
  15  0:40  Probe  
  15  0:41  Gateway  
  16  0:49  Assimilator  
  16  0:52  Probe  
  16  0:53  Assimilator  
  17  1:04  Probe  
  18  1:19  Pylon  
  18  1:21  Pylon  
  18  1:22  Pylon  
  18  1:33  Cybernetics Core  
  18  1:38  Probe  
  17  1:46  Probe, Pylon  
  19  2:04  Probe  
  20  2:12  Stargate, Probe  
  20  2:15  Forge, Pylon  
  20  2:17  Warp Gate  
  21  2:37  Probe  
  22  2:48  Photon Cannon  
  22  2:49  Probe  
  22  2:50  Void Ray  
  23  2:51  Shield Battery  
  27  3:06  Sentry  
  27  3:11  Shield Battery  
  29  3:33  Void Ray  
  32  4:02  Stargate  
  32  4:04  Pylon  
  32  4:05  Gateway  
  32  4:06  Void Ray  
  36  4:35  Pylon  
  36  4:45  Nexus  
  36  4:57  Sentry  
  38  5:01  Void Ray  
  42  5:23  Void Ray, Pylon  
  42  5:28  Assimilator  
  42  5:32  Assimilator  
  46  5:41  Shield Battery  
  46  5:51  Photon Cannon  
  46  5:56  Probe  
  47  5:58  Probe  
  47  6:03  Void Ray  
  48  6:17  Probe  
  53  6:34  Probe x2  
  55  6:40  Zealot  
  55  6:46  Probe x2  
  59  6:58  Probe x2  
  59  7:01  Gateway  
  61  7:07  Gateway  
  61  7:10  Probe x2  
  61  7:15  Sentry  
  65  7:22  Probe x2  
  67  7:24  Pylon  
  67  7:34  Probe x2  
  69  7:46  Probe  
  70  7:52  Probe  
  71  7:58  Probe  
  71  8:01  Protoss Shields Level 1  
  71  8:03  Protoss Air Weapons Level 1, Fleet Beacon  
  71  8:04  Probe  
  71  8:05  Twilight Council, Cybernetics Core  
  73  8:06  Pylon  
  73  8:10  Probe  
  74  8:52  Robotics Facility  
  74  8:55  Pylon  
  72  8:58  Photon Cannon  
  72  9:07  Photon Cannon  
  72  9:09  Photon Cannon  
  72  9:10  Shield Battery  
  72  9:22  Photon Cannon, Pylon  
  72  9:24  Pylon  
  72  9:37  Probe x2  
  74  9:48  Observer  
  74  9:49  Probe  
  74  9:50  Probe  
  77  9:56  Protoss Air Armor Level 1  
  77  10:01  Probe, Protoss Ground Weapons Level 1  
  77  10:02  Mothership  
  86  10:08  Protoss Air Weapons Level 2  
  86  10:09  Observer  
  87  10:21  Zealot  
  87  10:22  Zealot x2  
  93  10:36  Pylon  
  93  10:38  Pylon  
  93  10:39  Pylon  
  93  10:42  Graviton Catapult, Carrier  
  93  10:44  Carrier  
  93  10:45  Shield Battery  
  105  11:08  Pylon  
  105  11:43  Nexus  
  105  11:46  Pylon  
  105  11:47  Pylon  
  105  12:06  Photon Cannon  
  105  12:08  Carrier  
  105  12:09  Carrier  
  117  12:22  Assimilator  
  117  12:26  Assimilator  
  117  12:28  Photon Cannon  
  117  12:30  Photon Cannon  
  117  12:33  Shield Battery  
  117  12:36  Templar Archives, Pylon  
  117  12:48  Gateway  
  117  12:54  Probe x2  
  117  12:57  Photon Cannon  
  119  13:04  Protoss Air Weapons Level 3  
  119  13:08  Protoss Shields Level 2  
  119  13:09  Dark Shrine  
  119  13:11  Observer, Pylon  
  119  13:46  Probe x2  
  119  13:47  Probe  
  122  13:52  High Templar x3  
  128  13:57  High Templar  
  128  14:01  Archon x2  
  130  14:22  Void Ray x2  
  138  14:28  Gateway  
  138  14:32  Gateway  
  138  14:34  Pylon  
  138  14:42  Dark Templar x2  
  140  14:52  Dark Templar  
  140  14:53  Dark Templar  
  140  14:56  Nexus  
  140  14:59  Pylon  
  144  15:01  Pylon  
  144  15:03  Assimilator  
  144  15:08  Assimilator  
  136  15:20  Dark Templar x2  
  140  15:26  Archon  
  139  15:29  Zealot x2  
  143  15:40  Stargate  
  137  15:52  Gateway  
  137  15:53  Gateway  
  137  15:57  Stargate  
  137  16:04  Stargate  
  137  16:08  Stargate  
  137  16:11  Photon Cannon  
  137  16:13  Photon Cannon  
  137  16:16  Photon Cannon  
  137  16:18  Photon Cannon  
  137  16:19  Photon Cannon  
  137  16:22  Shield Battery  
  137  16:24  Shield Battery  
  137  16:26  Shield Battery  
  137  16:27  High Templar x2  
  137  16:28  High Templar  
  143  16:50  Tempest, Charge  
  149  17:01  Probe  
  149  17:02  Probe x2  
  152  17:14  Probe  
  149  17:17  Protoss Shields Level 3  
  149  17:19  Protoss Air Armor Level 2  
  149  17:20  Probe x2  
  151  17:26  Probe, Pylon  
  152  17:32  Probe x2  
  154  17:41  Forge  
  154  17:45  Forge  
  154  17:47  Pylon  
  154  17:57  High Templar x3  
  160  18:01  Archon  
  160  18:09  Archon x2  
  160  18:10  Protoss Ground Armor Level 1  
  160  18:41  Void Ray x2, Robotics Bay  
  160  18:43  Pylon  
  168  18:48  Zealot x2  
  168  18:49  Zealot x4  
  168  18:50  Zealot  
  182  19:00  Nexus  
  182  19:12  Pylon  
  182  19:19  Pylon  
  182  19:21  Assimilator  
  174  19:25  Assimilator  
  174  19:38  Zealot x3  
  174  19:39  Zealot x5  
  198  20:00  Dark Templar  
Show
View Real Time Build Order
Export as new Build Order

HoldTheDoor Protoss 

Build Orders:  

Get SALT Encoding   

  12  0:00  Probe  
  13  0:12  Probe  
  14  0:17  Pylon  
  14  0:24  Probe  
  15  0:33  Probe  
  15  0:35  Gateway  
  15  0:42  Probe  
  16  0:45  Assimilator  
  17  0:52  Probe  
  17  0:56  Assimilator  
  18  1:04  Probe  
  19  1:14  Gateway  
  19  1:18  Probe  
  20  1:41  Probe  
  21  1:52  Cybernetics Core  
  21  1:53  Probe  
  22  1:55  Pylon  
  22  2:05  Probe  
  23  2:10  Warp Gate  
  23  2:17  Probe  
  24  2:28  Stalker x2  
  28  2:34  Probe, Pylon  
  29  2:46  Probe  
  30  2:54  Shield Battery  
  30  2:58  Stalker x2  
  34  3:05  Probe  
  35  3:13  Robotics Facility  
  35  3:18  Probe  
  36  3:30  Probe  
  39  4:07  Pylon  
  39  4:08  Gateway  
  39  4:10  Gateway  
  39  4:11  Observer  
  32  4:28  Stalker x2  
  32  4:30  Probe  
  35  4:37  Twilight Council  
  35  4:42  Probe  
  36  4:49  Stalker  
  36  4:50  Stalker  
  40  4:54  Probe  
  41  5:02  Shield Battery  
  41  5:03  Blink  
  41  5:05  Stalker  
  41  5:06  Stalker x2  
  47  5:13  Pylon  
  47  5:30  Pylon  
  47  5:31  Probe  
  47  5:34  Dark Shrine  
  48  5:43  Stalker x3  
  54  5:51  Pylon  
  54  6:04  Stalker  
  56  6:08  Warp Prism  
  58  6:20  Pylon  
  58  6:21  Stalker  
  58  6:25  Stalker  
  61  6:55  Dark Templar x2  
  65  7:06  Pylon  
  65  7:11  Nexus  
  65  7:14  Assimilator  
  65  7:21  Dark Templar  
  67  7:30  Zealot x2  
  71  7:42  Dark Templar  
  73  8:05  Dark Templar  
  69  8:31  Dark Templar  
  67  9:06  Probe  
  67  9:09  Nexus  
  68  9:18  Probe  
  69  9:30  Dark Templar x2  
  71  9:35  Probe  
  71  9:37  Assimilator  
  72  9:41  Archon  
  72  9:47  Stalker, Probe  
  75  10:03  Dark Templar  
  77  10:08  Dark Templar  
  77  10:12  Archon  
  79  10:23  Probe  
  79  10:24  Probe  
  81  10:35  Probe  
  82  10:49  Dark Templar  
  84  10:50  Pylon  
  84  10:51  Dark Templar  
  86  10:57  Archon  
  86  11:09  Dark Templar x2  
  90  11:13  Archon  
  88  11:35  Dark Templar x2  
  88  11:39  Archon  
  90  11:41  Probe x2  
  92  11:53  Probe  
  92  11:54  Nexus  
  93  11:57  Pylon  
  93  11:59  Pylon  
  93  12:02  Forge  
  93  12:04  Forge  
  93  12:05  Probe x2  
  95  12:09  Pylon  
  95  12:17  Probe  
  95  12:18  Probe  
  97  12:25  Dark Templar x3  
  97  12:27  Dark Templar  
  97  12:29  Archon  
  105  12:31  Archon  
  105  12:33  Charge  
  105  12:40  Protoss Ground Weapons Level 1  
  105  12:42  Stargate  
  106  12:51  Probe x2  
  106  12:55  Assimilator  
  107  12:59  Assimilator  
  107  13:05  Probe  
  107  13:06  Probe  
  107  13:07  Pylon  
  107  13:08  Probe  
  107  13:12  Stalker  
  112  13:13  Pylon  
  112  13:15  Stalker  
  112  13:17  Stalker  
  116  13:21  Stalker  
  116  13:24  Probe  
  116  13:27  Probe x2  
  121  13:28  Protoss Ground Armor Level 1  
  121  13:32  Void Ray, Pylon  
  121  13:38  Protoss Air Weapons Level 1  
  125  13:50  Probe x3  
  128  14:01  Cybernetics Core  
  128  14:02  Probe x3  
  131  14:06  Dark Templar x2  
  135  14:10  Archon  
  135  14:12  Dark Templar  
  135  14:13  Dark Templar  
  135  14:16  Archon  
  139  14:39  Stalker x2  
  139  14:41  Probe x3  
  146  14:49  Void Ray  
  150  14:53  Probe x2  
  150  14:57  Stargate, Fleet Beacon  
  152  15:03  Nexus  
  152  15:08  Sentry x3  
  158  15:21  Pylon  
  158  15:24  Pylon  
  158  15:27  Pylon x2  
  158  15:33  Dark Templar x2  
  158  15:34  Assimilator  
  162  15:38  Assimilator, Archon  
  161  15:45  Pylon  
  162  15:57  Observer  
  162  16:01  Carrier  
  168  16:08  Carrier  
  174  16:19  Probe  
  174  16:22  Protoss Air Weapons Level 2  
  174  16:23  Probe  
  176  16:29  Graviton Catapult  
  176  16:31  Immortal  
  180  16:47  Protoss Air Armor Level 1  
  180  16:51  Zealot x4  
  188  16:59  Gateway  
  188  17:01  Gateway  
  188  17:02  Gateway  
  186  17:12  Dark Templar x2  
  186  17:13  Dark Templar  
  190  17:16  Probe x4  
  194  17:28  Probe x3  
  195  17:55  Carrier  
  195  18:02  Pylon  
  195  18:06  Photon Cannon  
  195  18:07  Photon Cannon  
  195  18:09  Photon Cannon  
  195  18:11  Photon Cannon  
  195  18:12  Photon Cannon  
  195  18:13  Pylon  
  195  18:15  Shield Battery  
  195  18:16  Shield Battery  
  195  18:17  Shield Battery  
  195  18:21  Shield Battery  
  195  18:23  Pylon  
  195  18:27  Photon Cannon  
  195  18:29  Photon Cannon  
  195  18:31  Photon Cannon  
  195  18:34  Photon Cannon  
  195  18:38  Photon Cannon  
  195  18:43  Photon Cannon  
  195  18:44  Shield Battery  
  195  19:06  Pylon  
  195  19:15  Pylon  
  185  19:23  Pylon  
  101  19:36  Zealot x2  
  101  19:37  Zealot x5  
  101  19:44  Probe x2  
  103  19:50  Nexus  
  103  19:52  Pylon  
  109  19:53  Pylon  
Tags
 
Matchup
PvP
Spawn Locations
Cross Positions
Add a new tag
Caveats
  • Supply blocks, unpowered buildings, or Contaminate may cause inaccurate times.
  • Supply counts are checked every 10 seconds.